 Dungeon Crawl Stone Soup version 0.29.1-4-g47bece8355 (webtiles) character file.

Game seed: 13824803660172200867

86 GigaChad the Covered (level 4, -3/40 HPs)
             Began as a Minotaur Fighter on Dec 9, 2022.
             Slain by a gnoll
             ... wielding a +0 flail
              (4 damage)
             ... on level 2 of the Dungeon.
             The game lasted 00:02:16 (1336 turns).

GigaChad the Covered (Minotaur Fighter)             Turns: 1336, Time: 00:02:17

Health: -3/40      AC:  7    Str: 22    XL:     4   Next: 27%
Magic:  3/3        EV:  9    Int:  5    God:
Gold:   146        SH:  4    Dex: 10    Spells: 3/3 levels left

rFire   . . .      SeeInvis .   a - +0 war axe
rCold   . . .      Faith    .   c - +0 buckler
rNeg    . . .      Spirit   .   b - +0 scale mail
rPois   .          Reflect  .   (helmet restricted)
rElec   .          Harm     .   (no cloak)
rCorr   .          Rampage  .   (no gloves)
Will    .....                   (no boots)
Stlth   ..........              (no amulet)
HPRegen 0.13/turn               (no ring)
MPRegen 0.08/turn               (no ring)

@: no status effects
A: horns 2, retaliatory headbutt
a: no special abilities


You were on level 2 of the Dungeon.
You visited 1 branch of the dungeon, and saw 2 of its levels.

You collected 146 gold pieces.

Inventory:

Hand Weapons
 a - a +0 war axe (weapon)
Armour
 b - a +0 scale mail (worn)
 c - a +0 buckler (worn)
Jewellery
 i - a ring of fire
 k - a ring of fire
Scrolls
 e - 2 scrolls of amnesia {unknown}
 f - a scroll of poison {unknown}
 g - a scroll of summoning {unknown}
 h - 2 scrolls of identify {unknown}
 m - a scroll of blinking {unknown}
Potions
 d - 2 potions of might
 j - a potion of lignification {unknown}
 l - a potion of brilliance {unknown}
 n - a potion of heal wounds {unknown}


   Skills:
 + Level 4.1 Fighting
 + Level 3.6 Axes
 + Level 4.4 Armour
 + Level 0.3 Dodging
 + Level 0.1 Stealth
 + Level 4.3 Shields


You had 3 spell levels left.
You didn't know any spells.
Your spell library contained the following spells:

 Spells                   Type           Power      Damage    Failure   Level
 Fulminant Prism          Conj/Hex       0%         3d6       100%        4
 Iskenderun's Mystic Bla  Conj/Tloc      0%         2d3       100%        4
 Lee's Rapid Deconstruct  Erth           0%         3d5*      100%        5


Dungeon Overview and Level Annotations

Branches:
Dungeon (2/15)

Altars:

Shops:
D:1 !


Innate Abilities, Weirdness & Mutations

You have a pair of horns on your head.
You reflexively headbutt those who attack you in melee.


Message History

You closely miss the gnoll. Your headbutt misses the gnoll.
The gnoll is lightly wounded.
The gnoll hits you but does no damage.
You hit the gnoll.
The gnoll is moderately wounded.
A jackal comes into view.
The gnoll hits you with a +0 spear. x2
The jackal barks!
You slash the gnoll! You headbutt the gnoll.
You kill the gnoll!
You hear a bark!
The gnoll hits you but does no damage.
A jackal comes into view.
The gnoll barely misses you.
You barely miss the gnoll.
The jackal barks!
A jackal comes into view.
The gnoll hits you with a +0 flail.
The gnoll hits you from afar with a +0 halberd!
The jackal barks!
You hit the gnoll but do no damage. Your headbutt misses the gnoll.
You hear a bark!
The gnoll hits you with a +0 flail!
* * * LOW HITPOINT WARNING * * *
The gnoll hits you but does no damage.
A jackal comes into view.
The gnoll hits you but does no damage.
You barely miss the gnoll.
The jackal barks!
The gnoll hits you but does no damage. The gnoll closely misses you.
The gnoll hits you from afar with a +0 halberd.
* * * LOW HITPOINT WARNING * * *
You hit the gnoll but do no damage. You block the gnoll's attack. x2
You hit the gnoll.
The gnoll is moderately wounded.
The gnoll barely misses you.
The gnoll hits you from afar with a +0 halberd.
* * * LOW HITPOINT WARNING * * *
The gnoll hits you with a +0 flail.
You die... #P.P~PP. .~PP~?. ######## .~~~P~ '..#...# #h.P. ##.†.### #hh. .#†.##.# #gg

.##....# #g# ..#..### #@#
.###.#)# #.# ...#...# #.# #####
..###.## .######.####...#
##..#.)# ...............######♣
#...##.# ############...~P~~~~~
##...#.# #####.#...P~~~~~~
.#...##### #.........~~~~P~≈
.###..##.######.##..##..~~~~P~≈


You could see 3 gnolls and 3 jackals.

Vanquished Creatures
  An adder (D:2)
  2 gnolls
  2 dart slugs
  3 endoplasms (D:2)
  3 giant cockroaches
  5 goblins
  3 hobgoblins (D:2)
  8 jackals
  A kobold (D:2)
  3 quokkas
  2 ball pythons (D:2)
  4 bats
  2 frilled lizards (D:2)
  12 rats
51 creatures vanquished.

Vanquished Creatures (others)
  3 plants (D:2)
3 creatures vanquished.

Grand Total: 54 creatures vanquished

Notes
Turn   | Place    | Note
-------+----------+-------------------------------------------
     0 | D:1      | GigaChad the Minotaur Fighter began the quest for the Orb.
     0 | D:1      | Reached XP level 1. HP: 19/19 MP: 0/0
   165 | D:1      | Reached XP level 2. HP: 27/27 MP: 1/1
   256 | D:1      | Found Iloavuak's Distillery.
   699 | D:1      | Reached XP level 3. HP: 32/33 MP: 2/2
  1314 | D:2      | Reached XP level 4. HP: 40/40 MP: 3/3
  1336 | D:2      | HP: 1/40 [gnoll/+0 halberd (3)]
  1336 | D:2      | Slain by a gnoll

Illustrated notes

Levels and vault maps discovered:
D:1:      dpeg_arrival_ratfight, layout_loops_ring, serial_shops,
          nicolae_shop_advertising_works [nicolae_subvault_shop_adworks]
D:2:      minmay_razor_zed, layout_rooms, serial_bayou, serial_bayou_pond_d,
          serial_bayou_shore_a, serial_bayou_shore_b, serial_bayou_lagoon_a,
          dreamdust_ecumenical_altar_grove

Skill      XL: |  1  2 |
---------------+-------+-----
Shields        | 4 |  4.3
Armour         | 4 |  4.4
Axes           | 3 |  3.6
Fighting       | 4 |  4.1
Dodging        | |  0.3
Stealth        | |  0.1

Action                   |  1- 3 |  4- 6 || total
-------------------------+-------+-------++-------
Melee: War axe           |    89 |     9 ||    98
       Headbutt          |     9 |     1 ||    10
Armor: Scale mail        |    78 |     5 ||    83
Dodge: Dodged            |    64 |     3 ||    67
Block: Buckler           |    22 |     4 ||    26
